[Event "Titled Tuesday Blitz March 07 Early 2023"]
[White "Devaev, Alexander"]
[Black "Sharapov, Evgeny"]
[WhiteFideId "4169395"]
[BlackFideId "14103133"]
[WhiteElo "2225"]
[BlackElo "2367"]
[Result "0-1"]
[Round "09"]
[TimeControl "180+2"]
[Date "2023.03.07"]
[WhiteClock "0:00:04"]
[BlackClock "0:00:04"]

1. d4 Nf6 2. c4 e6 3. Nf3 Bb4+ 4. Bd2 c5 5. dxc5 Bxc5 6. Nc3 O-O 7. e3 d5 8. Rc1 Nc6 9. cxd5 exd5 10. Bb5 d4 11. exd4 Nxd4 12. Nxd4 Bxd4 13. O-O Bg4 14. Be2 Bxe2 15. Qxe2 Re8 16. Qf3 Qb6 17. Rc2 Rac8 18. h3 Ne4 19. Be1 Nxc3 20. Bxc3 Bxc3 21. bxc3 h6 22. Rd1 Rc6 23. g3 Rf6 24. Qg2 Kh7 25. Qd5 Ree6 26. Qd3+ g6 27. Qd4 Rd6 28. Qg4 Rxd1+ 29. Qxd1 Qc5 30. Kg2 Rc6 31. Qd3 b5 32. Rb2 a6 33. Qf3 Kg7 34. Rc2 Qc4 35. Re2 Qxc3 36. Qe4 Re6 37. Qg4 Qc6+ 38. Kh2 Rxe2 39. Qxe2 Qe6 40. Qb2+ Qf6 41. Qd2 h5 42. Kg1 h4 43. g4 Qa1+ 44. Kg2 Qe5 45. Qd3 a5 46. Qb3 b4 47. a3 bxa3 48. Qxa3 Qe4+ 49. Kg1 a4 50. Qc3+ Kh7 51. Qc7 Qe6 52. Qd8 Qb3 53. Qxh4+ Kg7 54. g5 a3 55. Qd4+ Kg8 56. Qd8+ Kh7 57. Qd4 a2 58. Kh2 Qb8+ 59. f4 Qb1 60. Kg3 a1=Q 61. Kg4 Qxd4 62. Kh4 Qf5 63. Kg3 Qdxf4+ 64. Kg2 Qf3+ 65. Kg1 Qf2+ 66. Kh1 Q5f3# 0-1


[Site "https://www.chess.com"]

[Event "Titled Tuesday Blitz March 07 Early 2023"]
[White "Santos Flores, Alberto"]
[Black "Tymrakiewicz, Rafal"]
[WhiteFideId "3601234"]
[BlackFideId "1108832"]
[WhiteElo "2235"]
[BlackElo "2151"]
[Result "0-1"]
[Round "09"]
[TimeControl "180+2"]
[Date "2023.03.07"]
[WhiteClock "0:00:06"]
[BlackClock "0:00:25"]

1. e4 Nf6 2. e5 Nd5 3. d4 d6 4. Bc4 Nb6 5. Bb3 d5 6. Qf3 Be6 7. c3 Qd7 8. h3 Bf5 9. Nd2 e6 10. Ne2 c5 11. Nf4 cxd4 12. cxd4 Nc6 13. Qe3 Rc8 14. a3 Na5 15. Bd1 Nac4 16. Nxc4 Nxc4 17. Qe2 Qc6 18. O-O Qb6 19. b3 Na5 20. Be3 Be7 21. Qa2 O-O 22. b4 Nc4 23. Bb3 a5 24. bxa5 Nxa5 25. Ba4 Qa6 26. Rfc1 b5 27. Bc2 Bxc2 28. Rxc2 Nc4 29. a4 b4 30. Nd3 Nxe3 31. fxe3 Qxd3 32. Rxc8 Rxc8 33. a5 Qxe3+ 34. Kh1 b3 35. Qb2 Rc2 36. Qa3 Bxa3 0-1


[Site "https://www.chess.com"]

[Event "Titled Tuesday Blitz March 07 Early 2023"]
[White "Reprintsev, Alexander"]
[Black "Heinemann, Josefine"]
[WhiteFideId "14100541"]
[BlackFideId "12900460"]
[WhiteElo "2229"]
[BlackElo "2342"]
[Result "1-0"]
[Round "09"]
[TimeControl "180+2"]
[Date "2023.03.07"]
[WhiteClock "0:01:57"]
[BlackClock "0:01:12"]

1. e4 c6 2. Nc3 d5 3. Nf3 dxe4 4. Nxe4 Nd7 5. Qe2 e6 6. d4 Ngf6 7. Bd2 Be7 8. O-O-O O-O 9. g4 Qb6 10. g5 Nxe4 11. Qxe4 a5 12. Bd3 g6 13. h4 c5 14. h5 f5 15. Qh4 Rf7 16. hxg6 Rg7 17. dxc5 Bxc5 18. Bc3 e5 19. Bc4+ 1-0


[Site "https://www.chess.com"]

[Event "Titled Tuesday Blitz March 07 Early 2023"]
[White "Staudenhocker43"]
[Black "Leenhouts, Koen"]
[BlackFideId "1008439"]
[WhiteElo "2445"]
[BlackElo "2409"]
[Result "1-0"]
[Round "09"]
[TimeControl "180+2"]
[Date "2023.03.07"]
[WhiteClock "0:00:53"]
[BlackClock "0:00:12"]

1. d4 d5 2. Nf3 Nf6 3. c4 c6 4. Nc3 e6 5. Bg5 Nbd7 6. e3 Qa5 7. Nd2 dxc4 8. Bxf6 Nxf6 9. Nxc4 Qc7 10. Rc1 Be7 11. g3 O-O 12. Bg2 c5 13. Nb5 Qd8 14. dxc5 Bxc5 15. Nbd6 Bb4+ 16. Ke2 e5 17. a3 Bg4+ 18. f3 Bxd6 19. Qxd6 Be6 20. Qxd8 Rfxd8 21. Nxe5 Re8 22. f4 Rad8 23. Rhd1 Ng4 24. Nxg4 Bxg4+ 25. Bf3 Bxf3+ 26. Kxf3 f5 27. h4 Rxd1 28. Rxd1 Re7 29. Rd5 g6 30. h5 Kf7 31. hxg6+ hxg6 32. Rd6 b6 33. Rc6 Rd7 34. b4 Kg7 35. g4 fxg4+ 36. Kxg4 Rd3 37. Rc7+ Kf6 38. Rxa7 Rxe3 39. Ra6 Kf7 40. a4 Ra3 41. b5 Ra1 42. Kf3 Kf6 43. Rxb6+ Kf5 44. Ra6 Ra3+ 45. Kg2 Kxf4 46. b6 g5 47. b7 Rb3 48. Rf6+ Kg4 49. Rf7 Rb2+ 50. Kf1 Kg3 51. a5 g4 52. a6 Rb1+ 53. Ke2 1-0


[Site "https://www.chess.com"]

[Event "Titled Tuesday Blitz March 07 Early 2023"]
[White "Shubenkova, Veronika"]
[Black "Fernandez Garcia, Gumersindo"]
[WhiteFideId "44124040"]
[BlackFideId "24516740"]
[WhiteElo "2027"]
[BlackElo "2093"]
[Result "0-1"]
[Round "09"]
[TimeControl "180+2"]
[Date "2023.03.07"]
[WhiteClock "0:02:08"]
[BlackClock "0:02:01"]

1. e4 c5 2. Nc3 g6 3. g3 Bg7 4. Bg2 Nc6 5. d3 e6 6. f4 Nge7 7. Nf3 O-O 8. O-O b6 9. Rb1 d5 10. e5 Ba6 11. h3 Rc8 12. Ne2 f6 13. exf6 Bxf6 14. g4 Bg7 15. Ng3 e5 16. fxe5 Nxe5 17. Bg5 Qd6 18. Bxe7 Qxe7 19. Nxe5 Qxe5 20. Kh2 Qd6 21. Rxf8+ Rxf8 22. Qh1 Be5 23. Bxd5+ Kh8 24. Rg1 Rf2+ 25. Rg2 Bxg3+ 26. Kg1 Qxd5 27. Rxg3 Rf1+ 0-1


[Site "https://www.chess.com"]

[Event "Titled Tuesday Blitz March 07 Early 2023"]
[White "Ljukin, Sergei"]
[Black "Begunov, Konstantin"]
[WhiteFideId "14102200"]
[BlackFideId "4118510"]
[WhiteElo "2312"]
[BlackElo "2079"]
[Result "1-0"]
[Round "09"]
[TimeControl "180+2"]
[Date "2023.03.07"]
[WhiteClock "0:02:03"]
[BlackClock "0:01:57"]

1. e4 c5 2. Nf3 d6 3. d4 cxd4 4. Nxd4 Nf6 5. Nc3 a6 6. Bg5 e6 7. f4 Qb6 8. Qd3 Nc6 9. Bxf6 gxf6 10. O-O-O Be7 11. Be2 Qxd4 12. Qxd4 Nxd4 13. Rxd4 Bd7 14. Bh5 Bc6 15. f5 O-O 16. Re1 Rfd8 17. Nd5 exd5 18. exd5 Kf8 19. dxc6 bxc6 20. Bf3 d5 21. Rh4 Kg7 22. Rxe7 1-0


[Site "https://www.chess.com"]

[Event "Titled Tuesday Blitz March 07 Early 2023"]
[White "Hirneise, Jens"]
[Black "Bogaudinov, Rushan"]
[WhiteFideId "24614734"]
[BlackFideId "4129288"]
[WhiteElo "2345"]
[BlackElo "1949"]
[Result "1-0"]
[Round "09"]
[TimeControl "180+2"]
[Date "2023.03.07"]
[WhiteClock "0:02:01"]
[BlackClock "0:00:02"]

1. d4 d5 2. c3 Nf6 3. Bf4 g6 4. e3 Bg7 5. Be2 b6 6. h4 h6 7. h5 g5 8. Be5 Bb7 9. f4 Nbd7 10. Nd2 Nxe5 11. fxe5 Nh7 12. e6 fxe6 13. Bg4 Nf8 14. Ngf3 Qd6 15. Kf2 O-O-O 16. a4 a5 17. b4 axb4 18. a5 bxc3 19. Nb3 b5 20. a6 Ba8 21. Nc5 Qb6 22. Qb3 b4 23. a7 Rd6 24. Ra6 Qb5 25. Rha1 Qc4 26. Qa4 c2 27. Rxd6 cxd6 28. Qe8+ Kc7 29. Qb8+ Kc6 30. Qxa8+ Kb5 31. Qb7# 1-0


[Site "https://www.chess.com"]

[Event "Titled Tuesday Blitz March 07 Early 2023"]
[White "Kalajzic, Ivan"]
[Black "Galchenko, Matvey"]
[WhiteFideId "14506378"]
[BlackFideId "24175480"]
[WhiteElo "2203"]
[BlackElo "2404"]
[Result "0-1"]
[Round "09"]
[TimeControl "180+2"]
[Date "2023.03.07"]
[WhiteClock "0:00:13"]
[BlackClock "0:00:26"]

1. b3 e5 2. Bb2 Nc6 3. e3 d5 4. Bb5 Ne7 5. Bxe5 a6 6. Bxc6+ Nxc6 7. Bg3 h5 8. h4 Bg4 9. Nf3 Qf6 10. c3 O-O-O 11. d4 Be7 12. Nbd2 Qe6 13. Qc2 f6 14. O-O-O Ba3+ 15. Kb1 Bf5 16. e4 dxe4 17. Rhe1 Rhe8 18. Nc4 exf3 19. Rxe6 Bxc2+ 20. Kxc2 Rxe6 21. Nxa3 fxg2 22. Rg1 Re2+ 23. Kb1 Rde8 24. Rxg2 Rd2 25. Rg1 Ree2 26. Nc4 Rxa2 27. Re1 Kd7 28. Rxe2 Rxe2 29. Ne3 Na7 30. c4 Nc6 31. Nc2 b5 32. Kc1 Na5 33. Kd1 Re8 34. cxb5 axb5 35. Na1 Re4 36. Nc2 Nxb3 37. f3 Rxd4+ 38. Nxd4 Nxd4 39. f4 Nf5 40. Bf2 Ke6 41. Kc2 Kd5 42. Kd3 c5 43. Ke2 c4 44. Kf3 b4 0-1


[Site "https://www.chess.com"]

[Event "Titled Tuesday Blitz March 07 Early 2023"]
[White "Karas, Marek"]
[Black "Pakleza, Zbigniew"]
[WhiteFideId "14928558"]
[BlackFideId "1119290"]
[WhiteElo "2233"]
[BlackElo "2410"]
[Result "0-1"]
[Round "09"]
[TimeControl "180+2"]
[Date "2023.03.07"]
[WhiteClock "0:00:02"]
[BlackClock "0:00:05"]

1. d4 d6 2. e4 Nf6 3. Nc3 c6 4. Nf3 Bg4 5. Be2 e6 6. h3 Bh5 7. e5 Nd5 8. Ne4 Bxf3 9. Bxf3 dxe5 10. dxe5 Nd7 11. c4 N5b6 12. Qd4 Bb4+ 13. Bd2 Bxd2+ 14. Nxd2 Nxe5 15. Qxd8+ Rxd8 16. Be2 Ke7 17. O-O-O Rd4 18. b3 Rhd8 19. Nf3 Rxd1+ 20. Rxd1 Rxd1+ 21. Kxd1 Nxf3 22. Bxf3 Kd6 23. Kd2 a5 24. Be4 h6 25. Kd3 Nd7 26. Kd4 f5 27. Bc2 e5+ 28. Ke3 f4+ 29. Kd2 Kc5 30. Kc3 b5 31. cxb5 cxb5 32. a3 b4+ 33. axb4+ axb4+ 34. Kd3 Kd5 35. f3 Nc5+ 36. Kd2 Kd4 37. Bd1 g5 38. Bc2 h5 39. Bd1 Nd7 40. Bc2 Nf6 41. Bg6 h4 42. Bf7 Nd7 43. Be6 Nc5 44. Bf7 Nb7 45. Bg8 Nd6 46. Be6 Nb5 47. Bc4 Nc3 48. Bg8 e4 49. fxe4 Kxe4 50. Ke1 Ke3 51. Kf1 Ne2 52. Bc4 Nd4 53. Bd5 Nf5 54. Kg1 Ng3 55. Bf3 Kd2 56. Bd5 Ke3 57. Bf3 Ne2+ 58. Kf1 Nd4 59. Bd5 Kd3 60. Kf2 Kc3 61. Bf7 Nxb3 62. Kf3 Nd2+ 63. Kg4 Ne4 64. Be6 Kd4 65. Kf5 Ke3 66. Bd5 Nc3 67. Bc4 Kf2 68. Kxg5 Kg3 69. Be6 Ne2 70. Bd5 Nd4 71. Be4 b3 72. Kf6 b2 73. Ke5 Nb3 74. Kf5 Nd2 75. Bd3 b1=Q 76. Bxb1 Nxb1 0-1


[Site "https://www.chess.com"]

[Event "Titled Tuesday Blitz March 07 Early 2023"]
[White "TimGrutter03"]
[Black "Boyer, Mahel"]
[BlackFideId "45102422"]
[WhiteElo "2492"]
[BlackElo "2439"]
[Result "0-1"]
[Round "09"]
[TimeControl "180+2"]
[Date "2023.03.07"]
[WhiteClock "0:00:01"]
[BlackClock "0:01:34"]

1. e4 c6 2. Nf3 d5 3. d3 dxe4 4. dxe4 Qxd1+ 5. Kxd1 f6 6. c3 e5 7. Kc2 Nd7 8. Be3 Bc5 9. Bxc5 Nxc5 10. Nbd2 a5 11. a4 Nh6 12. Bc4 Nf7 13. Rhe1 Nd6 14. Bd3 Be6 15. b3 Ke7 16. Nc4 Nxd3 17. Kxd3 Nxc4 18. bxc4 Rhd8+ 19. Kc2 Bxc4 20. Nd2 Bd3+ 21. Kc1 b5 22. Nb3 Bc4 23. Nc5 Rdb8 24. Rd1 Ra7 25. Kc2 Rd8 26. Rxd8 Kxd8 27. axb5 Kc7 28. bxc6 Kxc6 29. Nd3 Bxd3+ 30. Kxd3 Kb5 31. Rb1+ Kc5 32. Rb8 a4 33. Rc8+ Kb5 34. Rb8+ Kc5 35. Rc8+ Kd6 36. Kc2 a3 37. Kb1 Rb7+ 38. Ka2 Rb2+ 39. Kxa3 Rxf2 40. Rd8+ Kc7 41. Rd3 Rxg2 42. Rh3 h6 43. Rh4 Kb6 44. Kb4 Kc6 45. Kc4 Rd2 46. Rg4 g5 47. h4 h5 48. Rg1 g4 49. Rf1 Rd6 50. Rf2 Kd7 51. Kc5 Ke6 52. c4 Rd4 53. Kb5 Rxe4 54. c5 g3 55. Rg2 Re3 56. c6 Kd6 57. Rd2+ Kc7 58. Rd7+ Kc8 59. Rg7 f5 60. Kb6 Rb3+ 61. Kc5 f4 62. Kd6 Rd3+ 63. Kxe5 Rf3 64. Ke4 Rf2 65. Rg5 Kc7 66. Rg6 Rf1 67. Kd5 Kb6 68. Rg7 f3 69. Ke4 f2 70. Kf3 Rg1 0-1


[Site "https://www.chess.com"]

[Event "Titled Tuesday Blitz March 07 Early 2023"]
[White "Khamdamova, Afruza"]
[Black "Prokofiev, Valentyn"]
[WhiteFideId "14210444"]
[BlackFideId "14160161"]
[WhiteElo "2210"]
[BlackElo "2260"]
[Result "0-1"]
[Round "09"]
[TimeControl "180+2"]
[Date "2023.03.07"]
[WhiteClock "0:00:02"]
[BlackClock "0:00:46"]

1. d4 Nf6 2. Nc3 d5 3. Bf4 c5 4. e4 Nxe4 5. Nxe4 dxe4 6. d5 g6 7. Ne2 Bg7 8. Nc3 Qa5 9. Qd2 O-O 10. O-O-O b5 11. Bh6 b4 12. Bxg7 Kxg7 13. Nxe4 Qxa2 14. Qe3 Bf5 15. Nxc5 Qa1+ 16. Kd2 Qxb2 17. Nd3 Qc3+ 18. Kc1 Rc8 19. Qe2 b3 20. g4 Bxg4 21. Qe5+ Qxe5 22. Nxe5 Rxc2+ 23. Kb1 Bxd1 24. Bd3 Rd2 25. Kc1 Bf3 26. Kxd2 Bxh1 27. Bc4 b2 28. Kc2 f6 29. Ng4 Nd7 30. Kxb2 Nb6 31. Bb3 Bxd5 32. Bc2 a5 33. Ne3 Be6 34. Kc3 a4 35. Bb1 a3 36. Nc2 a2 37. Bxa2 Rxa2 38. f4 Na4+ 39. Kd2 Bf5 40. Ke3 Rxc2 0-1


[Site "https://www.chess.com"]

[Event "Titled Tuesday Blitz March 07 Early 2023"]
[White "Dudzinski, Pawel"]
[Black "Kvaloy, Aksel Bu"]
[WhiteFideId "1117890"]
[BlackFideId "1528815"]
[WhiteElo "2099"]
[BlackElo "2208"]
[Result "0-1"]
[Round "09"]
[TimeControl "180+2"]
[Date "2023.03.07"]
[WhiteClock "0:00:02"]
[BlackClock "0:01:07"]

1. e4 e5 2. Nf3 Nf6 3. Nxe5 Nc6 4. Nxc6 dxc6 5. d3 Bc5 6. Be3 Bxe3 7. fxe3 Ng4 8. Qf3 Qg5 9. Qf4 Qb5 10. b3 Qc5 11. Kd2 Be6 12. d4 O-O-O 13. Bd3 Qa5+ 14. c3 g5 15. Qg3 h5 16. h3 h4 17. Qf3 Ne5 18. dxe5 Bxb3 19. Ke2 Rxd3 20. Kxd3 Qb5+ 21. Kd2 Rd8+ 22. Kc1 Ba4 23. Qxf7 Qd3 24. Qf5+ Kb8 25. Qf2 Qxe4 26. Kb2 a5 27. Nd2 Qc2+ 28. Ka3 Rxd2 29. Qf8+ Ka7 30. Qc5+ b6 0-1


[Site "https://www.chess.com"]

[Event "Titled Tuesday Blitz March 07 Early 2023"]
[White "Rottenwohrer Suarez, Juan"]
[Black "Odegov, Artem"]
[WhiteFideId "32068182"]
[BlackFideId "34183644"]
[WhiteElo "2174"]
[BlackElo "2300"]
[Result "1-0"]
[Round "09"]
[TimeControl "180+2"]
[Date "2023.03.07"]
[WhiteClock "0:01:17"]
[BlackClock "0:00:06"]

1. Nf3 d5 2. g3 c6 3. Bg2 Bf5 4. O-O e6 5. c4 Nf6 6. d3 h6 7. Nc3 Nbd7 8. cxd5 exd5 9. e4 dxe4 10. dxe4 Bh7 11. e5 Ne4 12. e6 fxe6 13. Re1 Nxc3 14. bxc3 Be7 15. Nd4 Nf6 16. Qb3 Qd7 17. Nxe6 Bg8 18. Bh3 Bxe6 19. Rxe6 O-O-O 20. Rxe7 1-0


[Site "https://www.chess.com"]

[Event "Titled Tuesday Blitz March 07 Early 2023"]
[White "Sreyas Payyappat"]
[Black "Perez Gormaz, Matias"]
[WhiteFideId "46674969"]
[BlackFideId "3406342"]
[WhiteElo "2083"]
[BlackElo "2362"]
[Result "1/2-1/2"]
[Round "09"]
[TimeControl "180+2"]
[Date "2023.03.07"]
[WhiteClock "0:00:17"]
[BlackClock "0:00:09"]

1. e4 c5 2. Nf3 e6 3. d4 cxd4 4. Nxd4 a6 5. Nc3 Qc7 6. Bd3 Nf6 7. O-O d6 8. f4 Be7 9. Be3 Nbd7 10. g4 h5 11. g5 Ng4 12. Bc1 Qb6 13. Be2 Nde5 14. Na4 Qa7 15. fxe5 dxe5 16. Bxg4 hxg4 17. Be3 exd4 18. Qxd4 Qxd4 19. Bxd4 Bxg5 20. Nb6 Rb8 21. Be5 Be3+ 22. Kg2 Bxb6 23. Bxb8 Bd7 24. Be5 f6 25. Bc3 Bc6 26. Rae1 f5 27. Bxg7 Rh7 28. Be5 Bxe4+ 29. Rxe4 fxe4 30. Rf4 e3 31. Rxg4 Rh5 32. Bc3 Rd5 33. Re4 Rd2+ 34. Kf1 Rf2+ 35. Ke1 Kd7 36. Bd4 Ba5+ 37. b4 Bxb4+ 38. c3 Bxc3+ 39. Bxc3 Rxh2 40. a3 Ra2 41. Bb4 e2 42. Rxe2 Rxe2+ 43. Kxe2 Kc6 44. Kd3 Kd5 45. Bf8 e5 46. Ke3 e4 47. Bg7 b6 48. Bf8 a5 49. Be7 b5 50. Bd8 b4 51. Bxa5 bxa3 52. Bc3 Kc4 53. Bg7 Kd5 54. Bh8 Kc4 55. Kxe4 Kb3 56. Kd3 Ka2 57. Kc2 1/2-1/2


[Site "https://www.chess.com"]

[Event "Titled Tuesday Blitz March 07 Early 2023"]
[White "Yelisieiev, Yevhenii"]
[Black "Postnikov, Artem"]
[WhiteFideId "14139642"]
[BlackFideId "34153575"]
[WhiteElo "2447"]
[BlackElo "2243"]
[Result "1-0"]
[Round "09"]
[TimeControl "180+2"]
[Date "2023.03.07"]
[WhiteClock "0:00:37"]
[BlackClock "0:00:03"]

1. d4 Nf6 2. Nf3 e6 3. c4 Bb4+ 4. Nbd2 b6 5. a3 Be7 6. e4 Bb7 7. Bd3 d5 8. e5 Ne4 9. O-O Nxd2 10. Bxd2 c5 11. cxd5 Bxd5 12. Bb5+ Nd7 13. dxc5 Bxc5 14. b4 Be7 15. Nd4 O-O 16. Bc6 Nxe5 17. Bxa8 Qxa8 18. f3 Nc4 19. Qe2 Bf6 20. Bc3 Rc8 21. Nb5 a6 22. Bxf6 axb5 23. Bd4 Qa4 24. Qf2 f6 25. Bxb6 Qb3 26. Rfb1 Qd3 27. Rd1 Qb3 28. Rdc1 Rd8 29. Bd4 e5 30. Bc5 Bf7 31. Qc2 Qxc2 32. Rxc2 Rd3 33. a4 bxa4 34. Rxa4 Rb3 35. Ra8+ Be8 36. Rxe8+ 1-0


[Site "https://www.chess.com"]

[Event "Titled Tuesday Blitz March 07 Early 2023"]
[White "Golubev, Mikhail"]
[Black "Sekar, B"]
[WhiteFideId "14100983"]
[BlackFideId "5043743"]
[WhiteElo "2374"]
[BlackElo "2258"]
[Result "1-0"]
[Round "09"]
[TimeControl "180+2"]
[Date "2023.03.07"]
[WhiteClock "0:00:13"]
[BlackClock "0:00:11"]

1. e4 c5 2. Nf3 d6 3. d4 cxd4 4. Nxd4 Nf6 5. Nc3 a6 6. Bc4 e6 7. O-O Be7 8. Bb3 O-O 9. f4 Qc7 10. f5 e5 11. Nde2 b5 12. Nd5 Nxd5 13. Bxd5 Bb7 14. Bxb7 Qxb7 15. f6 Bxf6 16. Rxf6 gxf6 17. Ng3 Kh8 18. Qf3 Nd7 19. Nh5 Rg8 20. Nxf6 Rg6 21. Nd5 Nb6 22. Nf6 Qe7 23. Nh5 Rag8 24. Ng3 Qe6 25. b3 d5 26. Bb2 f6 27. Rd1 dxe4 28. Qxe4 Nc8 29. Kh1 Nd6 30. Qc6 f5 31. Rxd6 Qxd6 32. Qxd6 Rxd6 33. Bxe5+ Rg7 34. Bxd6 Rd7 35. Nxf5 Kg8 36. g4 Kf7 37. Kg2 Ke6 38. Kf3 Kd5 39. Ke3 Rd8 40. Kd3 Ke6 41. c4 h5 42. h3 hxg4 43. hxg4 Rg8 44. c5 Rxg4 45. Nd4+ Kd5 46. Nc2 Rg2 47. Ne3+ Kc6 48. Nxg2 1-0


[Site "https://www.chess.com"]

[Event "Titled Tuesday Blitz March 07 Early 2023"]
[White "Chylewski, Patryk"]
[Black "Bowden, Karl"]
[WhiteFideId "1186191"]
[BlackFideId "400548"]
[WhiteElo "2163"]
[BlackElo "2437"]
[Result "1-0"]
[Round "09"]
[TimeControl "180+2"]
[Date "2023.03.07"]
[WhiteClock "0:00:02"]
[BlackClock "0:00:01"]

1. d4 Nf6 2. c4 c5 3. Nf3 g6 4. Nc3 cxd4 5. Nxd4 Bg7 6. g3 O-O 7. Bg2 Nc6 8. O-O Ng4 9. Nc2 Nge5 10. Ne3 d6 11. Qd2 Qa5 12. a3 Be6 13. Ncd5 Qd8 14. Rb1 Rb8 15. b4 b5 16. cxb5 Rxb5 17. Nc3 Rb6 18. Ned5 Rb8 19. e3 Rc8 20. h3 Nc4 21. Qe2 Nb6 22. Rd1 Ne5 23. f4 Nec4 24. e4 Nxd5 25. Nxd5 Nb6 26. Ne3 Nc4 27. Kh2 a6 28. Nd5 a5 29. b5 Rc5 30. a4 Bxd5 31. Rxd5 Rxd5 32. exd5 Nb6 33. Qd1 Qc7 34. Be3 Qb7 35. Rc1 Rc8 36. Rc6 Nd7 37. Qc2 Nc5 38. Bxc5 dxc5 39. Qxc5 Rd8 40. Rc7 Qb8 41. Qxe7 Rf8 42. d6 Qb6 43. h4 Qf2 44. Qe4 Qb6 45. Qc6 Qf2 46. Rc8 Bd4 47. Rxf8+ Kxf8 48. Qf3 Qg1+ 49. Kh3 1-0


[Site "https://www.chess.com"]

[Event "Titled Tuesday Blitz March 07 Early 2023"]
[White "Moksh Amit Doshi"]
[Black "Mikhalsky, Vladimir"]
[WhiteFideId "25064967"]
[BlackFideId "14144352"]
[WhiteElo "2297"]
[BlackElo "2272"]
[Result "1/2-1/2"]
[Round "09"]
[TimeControl "180+2"]
[Date "2023.03.07"]
[WhiteClock "0:00:23"]
[BlackClock "0:00:08"]

1. d4 Nf6 2. c4 g6 3. Nc3 Bg7 4. e4 O-O 5. Nf3 d6 6. Bd3 e5 7. d5 h6 8. O-O a5 9. h3 Nh5 10. Re1 Na6 11. a3 Nc5 12. Bc2 Bd7 13. Rb1 a4 14. Be3 Qe8 15. Qd2 Kh7 16. Nh2 Nf6 17. f4 exf4 18. Bxf4 Nh5 19. Be3 Qe5 20. Nf3 Qe7 21. Bxc5 dxc5 22. e5 f5 23. Qd1 Nf4 24. Bxa4 Bxa4 25. Nxa4 Rfd8 26. Nc3 c6 27. Qb3 Nd3 28. Re3 Nxe5 29. Nxe5 Bxe5 30. Kh1 Qg7 31. Rbe1 Bf6 32. dxc6 bxc6 33. Re6 Rab8 34. Qa4 Rbc8 35. Rxc6 Rxc6 36. Qxc6 Bd4 37. Nd5 Bxb2 38. Qxc5 Bd4 39. Qc6 Kh8 40. Re8+ Rxe8 41. Qxe8+ Kh7 42. Qe7 Qxe7 43. Nxe7 Bc5 44. Nd5 Bxa3 45. g4 fxg4 46. hxg4 Kg8 47. Kg2 Kf7 48. Kf3 Ke6 49. Ke4 Bc5 50. Nf4+ Kf6 51. Kd5 Be3 52. Ng2 Bf2 53. Nf4 h5 54. gxh5 gxh5 55. Nxh5+ Ke7 56. Nf4 Kd7 57. Nd3 Bg1 58. Ne5+ Kc7 59. Nf3 Bf2 60. Nd2 Bg1 61. Ne4 Be3 62. Nf6 Bg1 63. Ke5 Bf2 64. Ng4 Bg1 65. Nh6 Kc8 66. Kd6 Bh2+ 67. Kc6 Bg1 68. Nf5 Bf2 69. Nd6+ Kd8 70. Ne4 Bg1 71. Nc3 Kc8 72. Nb5 Bf2 73. Kd5 Kb8 74. Nd4 Bg1 75. c5 Kc7 76. Ne6+ Kc8 77. c6 Bh2 78. Ng5 Bg3 79. Kc5 Bh2 80. Ne4 Bf4 81. Nc3 Be3+ 82. Kb5 Bf4 83. Nd5 Bh2 84. Kb6 Kb8 85. Nb4 Kc8 86. Nd5 Bg1+ 87. Kb5 Bh2 88. Ne7+ Kc7 89. Nf5 Kc8 90. Nd4 Bf4 91. Kc4 Bh2 92. Kd5 Bg1 93. Ne6 Bh2 94. Nc5 Bg3 95. Na6 Bh2 96. Nb4 Bg3 97. Nc2 Bh2 98. Nd4 Bg3 99. Ne2 Bh2 100. Kc5 Kc7 101. Kb5 Kc8 102. Kb6 Be5 103. Nc1 Bc7+ 104. Kc5 Bh2 105. Nd3 Bg1+ 106. Kd6 Bh2+ 107. Kd5 Bg1 108. Ne5 Bh2 109. Ng4 Bf4 110. Nf6 Bh2 111. Ne4 Bf4 112. Nd6+ Bxd6 113. Kxd6 Kd8 114. c7+ Kc8 115. Kc6 1/2-1/2


[Site "https://www.chess.com"]

[Event "Titled Tuesday Blitz March 07 Early 2023"]
[White "Janaszak, Dawid"]
[Black "Petrova, Irina"]
[WhiteFideId "1119206"]
[BlackFideId "14124122"]
[WhiteElo "2220"]
[BlackElo "2084"]
[Result "1-0"]
[Round "09"]
[TimeControl "180+2"]
[Date "2023.03.07"]
[WhiteClock "0:02:04"]
[BlackClock "0:02:24"]

1. e4 d6 2. Nc3 Nf6 3. f4 g6 4. Nf3 Bg7 5. Bc4 O-O 6. O-O c5 7. Qe1 Nc6 8. Qh4 Nd4 9. f5 Nxf3+ 10. Rxf3 a6 11. d3 b5 12. fxg6 hxg6 13. Bd5 Nxd5 14. Nxd5 e6 15. Ne7+ 1-0


[Site "https://www.chess.com"]

[Event "Titled Tuesday Blitz March 07 Early 2023"]
[White "Malyi, Viacheslav"]
[Black "Shevtchenko, Olesya"]
[WhiteFideId "14123983"]
[BlackFideId "24131890"]
[WhiteElo "2291"]
[BlackElo "2003"]
[Result "1-0"]
[Round "09"]
[TimeControl "180+2"]
[Date "2023.03.07"]
[WhiteClock "0:01:15"]
[BlackClock "0:01:35"]

1. e4 c5 2. Nf3 d6 3. d4 cxd4 4. Nxd4 Nf6 5. Nc3 a6 6. Rg1 e6 7. g4 Nfd7 8. g5 Nc6 9. Be3 Qc7 10. h4 g6 11. Qd2 Bg7 12. Be2 b5 13. a3 Bb7 14. h5 O-O-O 15. Ndxb5 axb5 16. Nxb5 Qa5 17. Nxd6+ Kb8 18. Nxf7 Qxd2+ 19. Bxd2 Bxb2 20. Rb1 Bxa3 21. Nxh8 Rxh8 22. Rh1 Nd4 23. hxg6 Nxe2 24. Rxh7 Rd8 25. g7 Kc7 26. Rh8 Rxh8 27. gxh8=Q 1-0


[Site "https://www.chess.com"]

[Event "Titled Tuesday Blitz March 07 Early 2023"]
[White "Mouhamad, Joachim"]
[Black "Migot, Tangi"]
[WhiteFideId "656410"]
[BlackFideId "662445"]
[WhiteElo "2164"]
[BlackElo "2535"]
[Result "0-1"]
[Round "09"]
[TimeControl "180+2"]
[Date "2023.03.07"]
[WhiteClock "0:00:03"]
[BlackClock "0:00:15"]

1. e4 Nf6 2. e5 Nd5 3. d4 d6 4. c4 Nb6 5. exd6 cxd6 6. Nc3 g6 7. Be3 Bg7 8. Rc1 Bf5 9. b3 O-O 10. Nf3 d5 11. c5 Nc8 12. b4 a6 13. a4 Bg4 14. Be2 e6 15. h3 Bxf3 16. Bxf3 Ne7 17. O-O Nf5 18. b5 axb5 19. axb5 Qh4 20. Bg4 Nxe3 21. fxe3 Ra3 22. Qe1 Qg5 23. Nd1 Bxd4 24. exd4 Qxc1 25. Bxe6 Qh6 26. Bxd5 Qg7 27. Qb4 Rd3 28. Bxb7 Rxd4 29. Qe1 Nd7 30. Qe7 Rd2 31. Nf2 Qd4 32. c6 Nc5 33. Qc7 Rb2 34. Qg3 Nxb7 35. cxb7 Rxb5 36. Kh2 Rxb7 37. Ng4 h5 38. Nf6+ Kh8 39. Rf4 Qe5 40. Nxh5 gxh5 41. Qf3 Rb4 42. g3 Rxf4 43. gxf4 Qg7 0-1


[Site "https://www.chess.com"]

[Event "Titled Tuesday Blitz March 07 Early 2023"]
[White "Kokoszczynski, Jan"]
[Black "Zherebtsova, Alexandra"]
[WhiteFideId "1174460"]
[BlackFideId "24129518"]
[WhiteElo "2139"]
[BlackElo "2055"]
[Result "1-0"]
[Round "09"]
[TimeControl "180+2"]
[Date "2023.03.07"]
[WhiteClock "0:00:08"]
[BlackClock "0:00:32"]

1. Nf3 d5 2. g3 g6 3. Bg2 Bg7 4. O-O e5 5. d3 Ne7 6. e4 d4 7. c3 c5 8. a4 O-O 9. cxd4 cxd4 10. b4 h6 11. Nbd2 Be6 12. b5 Nd7 13. Ba3 Rc8 14. Qb1 Re8 15. Rc1 Qa5 16. Rxc8 Nxc8 17. Bb4 Qd8 18. Qb2 Bf8 19. Rc1 Nd6 20. Qa3 Nb6 21. Nxe5 a6 22. bxa6 bxa6 23. Nc6 Qd7 24. e5 Nf5 25. Bxf8 Rxf8 26. Ne4 Kg7 27. Nf6 Qb7 28. Nxd4 Qxg2+ 29. Kxg2 Nxd4 30. Qb4 Ne2 31. Rc7 Nd5 32. Nxd5 Bxd5+ 33. Kf1 Bf3 34. e6 g5 35. exf7 g4 36. Qb2+ Kh7 37. Qb4 Kg7 38. Rc2 Rxf7 39. Rxe2 Bxe2+ 40. Kxe2 Rd7 41. Qxg4+ Kf6 42. Qxd7 1-0


[Site "https://www.chess.com"]

[Event "Titled Tuesday Blitz March 07 Early 2023"]
[White "Avazkhonov, Alikhon"]
[Black "Zarnicki, Pablo"]
[WhiteFideId "14208504"]
[BlackFideId "100137"]
[WhiteElo "1739"]
[BlackElo "2468"]
[Result "0-1"]
[Round "09"]
[TimeControl "180+2"]
[Date "2023.03.07"]
[WhiteClock "0:00:01"]
[BlackClock "0:01:41"]

1. d4 Nf6 2. c4 g6 3. Nc3 Bg7 4. e4 O-O 5. f3 d6 6. Be3 c5 7. Nge2 cxd4 8. Nxd4 Nc6 9. Qc2 Nxd4 10. Bxd4 a6 11. Be2 Rb8 12. O-O Be6 13. Rfd1 Qa5 14. Nd5 Bxd5 15. cxd5 Rfc8 16. Qb3 Nd7 17. Ba7 Nc5 18. Qb6 Qxb6 19. Bxb6 Na4 20. Bd4 Nxb2 21. Bxg7 Nxd1 22. Bd4 Nc3 23. Bf1 b5 24. a3 a5 25. Kf2 b4 26. axb4 axb4 27. Ra7 b3 0-1


[Site "https://www.chess.com"]